 Dungeon Crawl Stone Soup version 0.31-a0-1082-g7d1fb776a8 (webtiles) character file.

Game seed: 6091633580566518385

1 Azuregosa the Sneak (level 1, -2/16 HPs)
             Began as an Octopode Delver on Nov 27, 2023.
             Slain by a phantom (7 damage)
             ... on level 5 of the Dungeon.
             The game lasted 00:01:45 (56 turns).

Azuregosa the Sneak (Octopode Delver)                 Turns: 56, Time: 00:01:45

Health: -2/16      AC:  1    Str: 11    XL:     1   Next: 20%
Magic:  1/1        EV: 13    Int: 12    God:
Gold:   6          SH:  0    Dex: 13    Spells: 0/0 levels left

rFire   . . .        a - +0 mace
rCold   . . .        (no shield)
rNeg    . . .        (helmet restricted)
rPois   .            (no amulet)
rElec   .            (no ring)
rCorr   .            (no ring)
SInv    .            (no ring)
Will    .....        (no ring)
Stlth   ++++         (no ring)
HPRegen 0.22/turn    (no ring)
MPRegen 0.07/turn    (no ring)
                     (no ring)

%: no passive effects
@: no status effects
A: almost no armour, amphibious, 8 rings, camouflage 1, gelatinous body 1,
(nimble swimmer 1), tentacles
a: no special abilities


You were on level 5 of the Dungeon.
You visited 2 branches of the dungeon, and saw 2 of its levels.

You collected 6 gold pieces.

Inventory:

Hand Weapons
 a - a +0 mace (weapon)
Jewellery
 c - an amulet of faith
Wands
 f - a wand of digging (3)
Scrolls
 b - a scroll of fog
 d - a scroll of fear
 g - a scroll of poison {unknown}
Potions
 e - a potion of haste


   Skills:
 - Level 3.0 Fighting
 - Level 2.0 Maces & Flails
 - Level 2.0 Dodging
 + Level 6.7 Stealth


You couldn't memorise any spells.
You didn't know any spells.
Your spell library was empty.

Dungeon Overview and Level Annotations

Branches:
Dungeon (5/15)             Temple (1/1) D:5

Altars:
Cheibriados
Dithmenos
Elyvilon
Fedhas
Gozag
Hepliaklqana
Kikubaaqudgha
Makhleb
Nemelex Xobeh
Qazlal
Ru
Sif Muna
Uskayaw
Wu Jian
Zin
The Shining One

Shops:
D:5 :


Innate Abilities, Weirdness & Mutations

You cannot wear most types of armour.
You are amphibious.
You can wear up to eight rings at the same time.
Your skin changes colour to match your surroundings (Stealth+).
Your rubbery body absorbs attacks. (AC +1, EV +1)
((You are camouflaged when in or above water. (Stealth+)))
You have tentacles for arms and can constrict up to eight enemies at once.


Message History

Found a blackened silver amulet.
You enter the deep water.
Found a stone staircase leading up.
There is an entrance to Kyoren's Self-Improvement Boutique here.
You can access your shopping list by pressing '$'.
c - an amulet of faith You enter the deep water.
Found 2 lumpy brown potions.
Found a staircase to the Ecumenical Temple.
Found 6 gold pieces.
A quokka comes into view.
Found a scroll labelled WEITSERCHAWN.
You see here 2 lumpy brown potions.
There is a staircase to the Ecumenical Temple here.
You climb downwards.
Welcome to the Ecumenical Temple!
Found a staircase back to the Dungeon.
There is a staircase back to the Dungeon here.
You climb upwards.
There is a staircase to the Ecumenical Temple here.
You see here 6 gold pieces.
You now have 6 gold pieces.
Found a murky emerald potion.
The helpless quokka fails to defend itself.
You sock the quokka!
You kill the quokka!
A phantom comes into view.
You see here a scroll labelled WEITSERCHAWN.
g - a scroll labelled WEITSERCHAWN You hit the phantom but do no damage.
The phantom hits you. x2
You closely miss the phantom. Your squeeze misses the phantom.
The phantom hits you.
You hit the phantom but do no damage. The phantom misses you.
You barely miss the phantom.
An ice beast comes into view.
The phantom barely misses you.
You hit the phantom but do no damage. The phantom hits you.
* * * LOW HITPOINT WARNING * * *
The phantom blinks!
You blink.
The phantom misses you.
You miss the phantom. The phantom hits you!
You die...

,,,,,,,,,,,........##...#*
*,**
,,,,,,,,,,,........#...#*
*,,*
,,,,,,,,,,,...........#*
**,,
,,,,,,,,,,,...........# **,
,,,,,,,,,,,,....#...†######
*,
,,,***,,,,,,.,,#..........#
*,
,,,************#..##...##.#
**, ,,,,*** ##W.##...##.#
*,, *,,,,,*** #.@.........#
*,* ****,,,,***
*#......>....# *,+
***,,,,***#............#
*** **,,,,,......##.!.##.#
**, **,,,..###..##...##.#
**,, **,...#*
##.........#*##,,, *,,.##*
###.....####.+,,8 **,,**
###....##..#,,, **,,**
##......#**,,


You could see a phantom.

Vanquished Creatures
  A quokka (D:5)
1 creature vanquished.

Notes
Turn   | Place    | Note
-------+----------+-------------------------------------------
     0 | D:5      | Azuregosa the Octopode Delver began the quest for the Orb.
     0 | D:5      | Reached XP level 1. HP: 16/16 MP: 1/1
     1 | D:5      | Noticed a phantom
    29 | D:5      | Found a staircase to the Ecumenical Temple.
    38 | Temple   | Entered the Ecumenical Temple
    47 | D:5      | Noticed a phantom
    54 | D:5      | Noticed an ice beast
    56 | D:5      | Slain by a phantom

Illustrated notes

Levels and vault maps discovered:
D:5:      layout_layer_cave, minmay_temple_entry_stoned_glass,
          nicolae_hexahallways, nicolae_shop_self_help
Temple:   nicolae_temple_elliptical

Action                     || total
---------------------------++-------
  Melee: Mace              ||     7
    Use: Scroll            ||     1
   Stab: Sleeping          ||     1
 Armour: Skin              ||     5
  Dodge: Dodged            ||     3

Table legend: (Time is in decaauts)
 A = Elapsed time spent in this place.
 B = Non-inter-level travel time spent in this place.
 C = Inter-level travel time spent in this place.
 D = Time resting spent in this place.
 E = Time spent auto-exploring this place.
 F = Levels seen in this place.
 G = Mean time per level.
                   A        B        C        D        E       F      G
               +--------+--------+--------+--------+--------+-----+--------+
         Total |     58 |     58 |      0 |      0 |      0 |   2 |   29.0 |
       Dungeon |     56 |     56 |      0 |      0 |      0 |   1 |   56.0 |
        Temple |      1 |      1 |      0 |      0 |      0 |   1 |    1.0 |
               +--------+--------+--------+--------+--------+-----+--------+

Top non-repeatable levels by time:
     D:5: 56 daAuts
  Temple: 1 daAuts
